 Dungeon Crawl Stone Soup version 0.18.1-50-g88ac8fd (webtiles) character file.

11267 varam the Thaumaturge (level 11, -2/64 HPs)
             Began as a Gargoyle Earth Elementalist on Oct 10, 2016.
             Was an Elder of Vehumet.
             Slain by a sheep (5 damage)
             ... while paralysed
             ... on level 11 of the Dungeon.
             The game lasted 01:10:35 (14392 turns).

varam the Thaumaturge (GrEE)                       Turns: 14392, Time: 01:10:35

Health: -2/64      AC: 18    Str: 12    XL:     11   Next: 75%
Magic:  0/24       EV:  2    Int: 19    God:    Vehumet [****..]
Gold:   772        SH:  0    Dex: 15    Spells: 7 memorised, 12 levels left

rFire  . . .     SeeInvis .     v - +3 quarterstaff (chaos)
rCold  . . .     Gourm    .     a - +0 robe
rNeg   + . .     Faith    .     (shield currently unavailable)
rPois  ∞         Spirit   +     k - +2 helmet
rElec  +         Dismiss  .     w - +0 cloak
rCorr  .         Reflect  .     R - +1 pair of gloves
SustAt .         Harm     .     A - +0 pair of boots
MR     .....                    y - amulet of guardian spirit
Stlth  +++.......               j - +5 ring of dexterity
                                U - ring "Apygeosy" {rElec Stlth+}

@: paralysed, exhausted, slowed, not resistant to hostile enchantments, fairly
stealthy
A: negative energy resistance 1, electricity resistance, unbreathing,
petrification resistance, rot immunity, AC +7
a: Renounce Religion


You were on level 11 of the Dungeon.
You worshipped Vehumet.
Vehumet was greatly pleased with you.
You were hungry.

You visited 2 branches of the dungeon, and saw 13 of its levels.

You collected 772 gold pieces.

Inventory:

Hand Weapons
 v - a +3 quarterstaff of chaos (weapon)
Missiles
 h - 36 stones (quivered)
Armour
 a - a +0 robe (worn)
 k - a +2 helmet (worn)
 w - a +0 cloak (worn)
 A - a +0 pair of boots (worn)
 I - a +0 buckler
 R - a +1 pair of gloves (worn)
Jewellery
 c - a +3 ring of protection {unknown}
 j - a +5 ring of dexterity (right hand)
 y - an amulet of guardian spirit (around neck)
 F - an uncursed ring of see invisible
 L - a +3 ring of intelligence {unknown}
 U - the ring "Apygeosy" (left hand) {rElec Stlth+}
   (You found it on level 9 of the Dungeon)

   [ring of stealth]

   It insulates you from electricity.
   It makes you more stealthy.
 Z - a cursed ring of teleportation {unknown}
Wands
 b - a wand of lightning (6/15)
 f - a wand of digging (10/24)
 X - a wand of paralysis (9/24)
Scrolls
 g - a scroll of recharging
 i - a scroll of noise
 m - a scroll of identify
 x - 6 scrolls of amnesia
 z - 4 scrolls of immolation
 C - 5 scrolls of teleportation
 E - 2 scrolls of enchant weapon
Potions
 l - a potion of beneficial mutation {unknown}
 n - a potion of resistance {unknown}
 q - a potion of degeneration {unknown}
 B - a potion of haste {unknown}
 D - a potion of invisibility {unknown}
 G - 3 potions of cancellation
 H - 3 potions of curing
 J - a potion of berserk rage
 M - a potion of heal wounds {unknown}
 O - a potion of brilliance {unknown}
 T - a potion of might {unknown}
 Y - a potion of magic {unknown}
Miscellaneous
 t - a legendary deck of destruction
 Q - a box of beasts
 V - a phial of floods
Comestibles
 d - 13 bread rations
 e - 5 beef jerkies
 o - 2 chunks of flesh


   Skills:
 + Level 6.2 Fighting
 + Level 5.2 Staves
 + Level 5.9 Armour
 + Level 4.9 Dodging
 - Level 2.1 Stealth
 * Level 9.6 Spellcasting
 + Level 7.3 Conjurations
 - Level 0.7 Transmutations
 - Level 2.5 Fire Magic
 + Level 9.4 Earth Magic


You had 12 spell levels left.
You knew the following spells:

 Your Spells              Type           Power        Failure   Level  Hunger
a - Mephitic Cloud        Conj/Pois/Air  ###.....     3%          3    None
b - Passwall              Trmt/Erth      ####......   1%          2    None
c - Stone Arrow           Conj/Erth      #####.       1%          3    None
d - Lee's Rapid Deconstr  Erth           #####.....   1%          5    #####..
e - Shock                 Conj/Air       ###.         1%          1    None
f - Sandblast             Erth           #####.       1%          1    None
z - Throw Flame           Conj/Fire      ####..       1%          2    None


Dungeon Overview and Level Annotations

Branches:
Dungeon (12/15)            Temple (1/1) D:6             Orc (0/2) D:10
   Lair: D:8-11

Altars:
Ashenzari
Cheibriados
Dithmenos
Elyvilon
Fedhas
Gozag
Kikubaaqudgha
Makhleb
Nemelex Xobeh
Okawaru
Pakellas
Qazlal
Ru
Sif Muna
Trog
Vehumet
Xom
Yredelemnul
Zin
The Shining One

Annotations:
D:10 exclusion: ice statue


Innate Abilities, Weirdness & Mutations

You are resistant to torment.
Your stone body is resilient (AC +7).
You are immune to poison.
You resist negative energy.
You are resistant to electric shocks.
You can survive without breathing.
You are immune to petrification.
You are immune to rotting.


Message History

The killer bee zombie misses you.
You barely miss the killer bee zombie. The sheep bites you but does no damage.
The yak gores you but does no damage.
The killer bee zombie closely misses you.
An iguana comes into view.
The iguana hisses angrily.
You sock the killer bee zombie!
The killer bee zombie convulses!
You destroy the killer bee zombie!
Vehumet accepts your kill.
You feel your power returning.
You are no longer berserk.
You pass out from exhaustion.
You feel yourself slow down.
You are feeling hungry.
The sheep bites you but does no damage. The yak gores you!
* * * LOW HITPOINT WARNING * * *
The sheep bites you but does no damage. The yak gores you!
* * * LOW HITPOINT WARNING * * *
The sheep bites you.
You die...

♣♣..♣♣................
♣♣..♣..P.P.P.P.P.P..≈
♣♣.♣....P.P.P.P.P.≈≈
♣♣..........P.P.P.≈≈
♣♣♣.......P.P.P..[P.≈≈
♣.........P.P...P.P.≈≈
♣.####....P.P.P.P.P.≈≈
♣.#(.#Y.........P.P;≈≈
♣♣♣.#((@Y.P.P...P...P≈≈≈
♣...####Y.P.P.......P.≈≈
#♣.....(....)..........≈≈
#..........(.PPP.P.....≈≈
#....####''#..l(........≈
#....#.....#.P.P..P.PP.P≈
#....#.>...#............≈
#....#######PPP.P.P..P.P≈
#..... ...Y..........≈


You could see a yak, an iguana and 2 sheep.

Vanquished Creatures
  Erica (D:8)
  A hill giant (D:10)
  Pikel (D:9)
  The ghost of rme2001 the Bolt Thrower, a novice CeHu (D:4)
  Joseph (D:8)
  5 yaktaurs (D:11)
  A troll (D:11)
  Prince Ribbit (D:9)
  7 yaks
  A hippogriff (D:9)
  A hog (D:11)
  A hungry ghost (D:8)
  Edmund (D:5)
  A water moccasin (D:10)
  3 black bears
  A phantom (D:8)
  2 sky beasts (D:5)
  A slave (D:9)
  7 ogres
  4 orc warriors
  An ice beast (D:11)
  8 centaurs
  8 big kobolds
  A wyvern zombie (D:10)
  6 giant frogs
  4 scorpions
  13 killer bees
  5 wights (D:9)
  A howler monkey (D:5)
  6 crimson imps
  2 giant frog zombies
  2 quasits
  2 jellies
  3 orc wizards
  Crazy Yiuf (D:2)
  3 orc priests
  A hound (D:4)
  A centaur skeleton (D:4)
  Terence (D:2)
  Jessica (D:2)
  2 iguanas
  8 worker ants
  A killer bee zombie (D:11)
  5 sheep (D:11)
  A hound zombie (D:5)
  2 hound skeletons
  A howler monkey zombie (D:10)
  A worker ant zombie (D:5)
  Robin (D:2)
  6 adders
  10 gnolls
  3 shadow imps
  An ooze (D:1)
  3 worms
  A dart slug (D:1)
  3 giant geckos
  40 orcs
  6 giant cockroaches
  13 goblins
  13 hobgoblins
  13 jackals
  7 quokkas
  A ball python (D:3)
  5 bats
  6 giant newts
  2 goblin zombies (D:4)
  3 hobgoblin zombies (D:4)
  A jackal skeleton (D:4)
  62 kobolds
  A kobold skeleton (D:4)
  2 kobold zombies (D:4)
  10 rats
  4 fungi
  A plant (D:11)
351 creatures vanquished.

Vanquished Creatures (others)
  2 slaves (D:9)
  A scorpion (D:9)
  3 howler monkeys (D:9)
  An ooze (D:7)
  2 bushes (D:11)
  A fungus (D:2)
  7 plants (D:11)
17 creatures vanquished.

Grand Total: 368 creatures vanquished

Notes
Turn   | Place    | Note
--------------------------------------------------------------
     0 | D:1      | varam the Gargoyle Earth Elementalist began the quest for the Orb.
     0 | D:1      | Reached XP level 1. HP: 10/10 MP: 3/3
   280 | D:1      | Reached XP level 2. HP: 11/15 MP: 0/5
  1022 | D:1      | Reached XP level 3. HP: 19/19 MP: 4/7
  1124 | D:2      | Learned a level 3 spell: Stone Arrow
  1149 | D:2      | Noticed Jessica
  1153 | D:2      | Killed Jessica
  1441 | D:2      | Reached XP level 4. HP: 24/24 MP: 5/8
  1466 | D:2      | Noticed Robin
  1490 | D:2      | Reached skill level 1 in Conjurations
  1652 | D:2      | Killed Robin
  1741 | D:2      | Learned a level 2 spell: Passwall
  1746 | D:2      | Noticed Terence
  1785 | D:2      | Killed Terence
  1785 | D:2      | Reached XP level 5. HP: 28/28 MP: 1/10
  2170 | D:2      | Noticed Crazy Yiuf
  2237 | D:2      | Killed Crazy Yiuf
  2863 | D:4      | Reached skill level 5 in Earth Magic
  3168 | D:3      | Reached XP level 6. HP: 29/32 MP: 3/12
  4178 | D:4      | Noticed rme2001's ghost (novice CeHu)
  4199 | D:5      | Entered Level 5 of the Dungeon
  4230 | D:5      | Learned a level 5 spell: Lee's Rapid Deconstruction
  4358 | D:5      | Found a glowing golden altar of the Shining One.
  4438 | D:5      | Reached XP level 7. HP: 36/36 MP: 1/14
  4539 | D:5      | Reached skill level 5 in Spellcasting
  5145 | D:4      | Found a glowing golden altar of the Shining One.
  5168 | D:4      | Reached XP level 8. HP: 41/41 MP: 1/17
  5689 | D:4      | Killed rme2001's ghost
  5689 | D:4      | Reached skill level 1 in Fighting
  5689 | D:4      | Reached skill level 1 in Staves
  5689 | D:4      | Reached skill level 1 in Armour
  5867 | D:5      | Noticed Edmund
  5873 | D:5      | Killed Edmund
  6407 | D:5      | Reached XP level 9. HP: 46/49 MP: 17/19
  7277 | D:6      | Found a staircase to the Ecumenical Temple.
  7283 | Temple   | Entered the Ecumenical Temple
  7386 | Temple   | Became a worshipper of Vehumet
  7827 | D:3      | Reached skill level 5 in Conjurations
  7941 | D:3      | Reached * piety under Vehumet
  7941 | D:3      | Offered knowledge of Shock by Vehumet.
  7950 | D:3      | Learned a level 1 spell: Shock
  8249 | D:3      | Reached ** piety under Vehumet
  8439 | D:7      | Got a blackened rapier
  8440 | D:7      | Identified the cursed +3 rapier of the Messenger {antimagic, Str+2} (You found it on level 7 of the Dungeon)
  8483 | D:7      | Offered knowledge of Throw Flame by Vehumet.
  8507 | D:7      | Learned a level 2 spell: Throw Flame
  8724 | D:7      | Reached skill level 1 in Fire Magic
  9005 | D:8      | Noticed Joseph
  9025 | D:7      | Found a blossoming altar of Fedhas.
  9270 | D:8      | Killed Joseph
  9270 | D:8      | Reached XP level 10. HP: 27/56 MP: 1/21
  9756 | D:8      | Found a bloodstained altar of Trog.
  9895 | D:8      | Noticed Erica
  9911 | D:8      | Killed Erica
 10223 | D:8      | Offered knowledge of Throw Frost by Vehumet.
 10546 | D:8      | Reached *** piety under Vehumet
 11278 | D:9      | You fall through a shaft!
 11278 | D:10     | Entered Level 10 of the Dungeon
 11325 | D:10     | Found a staircase to the Orcish Mines.
 11567 | D:9      | Noticed Pikel
 11576 | D:9      | Killed Pikel
 11576 | D:9      | Offered knowledge of Mephitic Cloud by Vehumet.
 11576 | D:9      | Reached skill level 5 in Fighting
 11581 | D:9      | Learned a level 3 spell: Mephitic Cloud
 11712 | D:9      | Noticed Prince Ribbit
 11717 | D:9      | Killed Prince Ribbit
 11717 | D:9      | Reached XP level 11. HP: 64/64 MP: 8/23
 12343 | D:9      | Got a twitching lapis lazuli ring
 12407 | D:9      | Reached skill level 5 in Armour
 12979 | D:10     | Noticed a hill giant
 13198 | D:10     | Reached **** piety under Vehumet
 13304 | D:10     | Identified the ring "Apygeosy" {rElec Stlth+} (You found it on level 9 of the Dungeon)
 13476 | D:10     | Offered knowledge of Olgreb's Toxic Radiance by Vehumet.
 13790 | D:10     | Killed a hill giant
 13790 | D:10     | Reached skill level 5 in Staves
 14391 | D:11     | HP: 3/64 [yak (4)]
 14392 | D:11     | Slain by a sheep

Skill      XL: |  1  2  3  4  5  6  7  8  9 10 11 |
---------------+----------------------------------+-----
Earth Magic    | 4 5 6 7 8 9 |  9.4
Spellcasting   | 3 4 6 7 8 9 |  9.6
Conjurations   | 1 2 3 4 5 6 7 |  7.3
Fighting       | 2 4 5 6 |  6.2
Staves         | 1 3 4 5 |  5.2
Armour         | 2 3 4 5 |  5.9
Dodging        | 2 3 4 |  4.9
Fire Magic     | 1 2 |  2.5
Stealth        | |  2.1
Transmutations | |  0.7

Action                   |  1- 3 |  4- 6 |  7- 9 | 10-12 || total
-------------------------+-------+-------+-------+-------++-------
Melee: Dagger            |       |    12 |       |       ||    12
       Quarterstaff      |       |    29 |   220 |   178 ||   427
Throw: Stone             |       |     1 |     2 |       ||     3
 Cast: Sandblast         |    32 |    48 |     7 |       ||    87
       Stone Arrow       |     3 |    42 |   100 |   144 ||   289
       Throw Flame       |       |       |     8 |    23 ||    31
       Lee's Rapid Decon |       |       |     8 |    18 ||    26
       Mephitic Cloud    |       |       |       |     8 ||     8
       Shock             |       |       |       |     2 ||     2
  Use: Scroll            |       |     1 |     5 |     6 ||    12
       Potion            |       |       |       |     1 ||     1
 Stab: Sleeping          |       |       |     3 |     3 ||     6
       Paralysed         |       |       |     1 |     2 ||     3
       Confused          |       |       |       |     1 ||     1
  Eat: Chunk             |     2 |    11 |    12 |    15 ||    40
       Bread ration      |       |     1 |       |       ||     1
       Beef jerky        |       |       |     2 |     3 ||     5
       Pizza             |       |       |     1 |       ||     1
       Royal jelly       |       |       |       |     1 ||     1
Armor: Robe              |     3 |    34 |    91 |   116 ||   244
Dodge: Dodged            |     3 |    61 |   160 |   206 ||   430
